 Dungeon Crawl Stone Soup version 0.27.1-1-g398f81649c (webtiles) character file.

Game seed: 12913572267368665725

8219 MisterFreud the Blocker (level 11, -3/80 HPs)
             Began as a Gnoll Fighter on Sept 8, 2021.
             Was the Champion of Jiyva.
             Slain by a dire elephant (13 damage)
             ... in a Gauntlet.
             The game lasted 00:23:31 (12275 turns).

MisterFreud the Blocker (Gnoll Fighter)            Turns: 12275, Time: 00:23:31

Health: -3/80      AC:  9    Str: 12    XL:     11   Next: 27%
Magic:  20/20      EV: 14    Int: 14    God:    Jiyva [******]
Gold:   109        SH: 10    Dex: 12    Spells: 22/22 levels left

rFire    . . .     SeeInvis .   h - +2 short sword (elec)
rCold    . . .     Faith    .   c - +0 kite shield
rNeg     . . .     Spirit   .   b - +0 scale mail
rPois    .         Reflect  .   r - +0 helmet
rElec    .         Harm     .   e - +0 cloak
rCorr    +         Rampage  .   A - +0 pair of gloves
Will     .....     NoTele   +   (no boots)
Stlth    ++........             j - amulet of the acrobat
HPRegen  0.23/turn              k - +4 ring of evasion
MPRegen  0.17/turn              (no ring)

@: mighty, unable to read, very slightly contaminated, studying Staves,
invisible
A: fangs 1, strong nose, distributed training, hooves 1, frail 1, teleportitis
1, pseudopods 1, tendrils, inability to read while threatened
a: Renounce Religion, Request Jelly, Slimify, Cure Bad Mutation


You were in a Gauntlet.
You worshipped Jiyva.
Jiyva was exalted by your worship.
You visited 1 branch of the dungeon, and saw 11 of its levels.
You also visited: Gauntlet.

You collected 239 gold pieces.
You spent 130 gold pieces at shops.

Inventory:

Hand Weapons
 a - a +0 rapier of draining
 h - a +2 short sword of electrocution (weapon)
Missiles
 o - 2 boomerangs
 y - 21 poisoned darts (quivered)
 C - a curare-tipped dart
 E - 2 boomerangs of dispersal
Armour
 b - a +0 scale mail (worn)
 c - a +0 kite shield (worn)
 e - a +0 cloak (worn)
 r - a +0 helmet (worn)
 A - a +0 pair of gloves (worn)
Jewellery
 j - an amulet of the acrobat (around neck)
 k - a +4 ring of evasion (left hand)
 p - an amulet of guardian spirit
Wands
 i - a wand of acid (8)
 q - a wand of flame (24)
 t - a wand of polymorph (30)
Scrolls
 f - 2 scrolls of vulnerability
 g - 2 scrolls of fear
 l - 2 scrolls of magic mapping
 m - a scroll of enchant weapon
 n - 2 scrolls of amnesia {unknown}
 s - 2 scrolls of holy word
 u - 2 scrolls of immolation
 v - 3 scrolls of noise {unknown}
 G - a scroll of brand weapon
 H - a scroll of identify
Potions
 x - 2 potions of resistance
 z - 2 potions of curing
 D - 3 potions of mutation
 F - a potion of cancellation


   Skills:
 + Level 9.1 Fighting
 + Level 7.7 Short Blades
 + Level 6.1 Long Blades
 + Level 6.1 Axes
 + Level 6.1 Maces & Flails
 + Level 6.1 Polearms
 + Level 8.3 Staves
 + Level 6.1 Slings
 + Level 6.1 Bows
 + Level 6.1 Crossbows
 + Level 6.1 Throwing
 + Level 9.1 Armour
 + Level 6.1 Dodging
 + Level 6.1 Stealth
 + Level 9.1 Shields
 + Level 6.1 Unarmed Combat
 + Level 6.1 Spellcasting
 + Level 5.1 Conjurations
 + Level 5.1 Hexes
 + Level 5.1 Summonings
 + Level 5.1 Necromancy
 + Level 5.1 Translocations
 + Level 5.1 Transmutations
 + Level 5.1 Fire Magic
 + Level 5.1 Ice Magic
 + Level 5.1 Air Magic
 + Level 5.1 Earth Magic
 + Level 5.1 Poison Magic
 + Level 6.7 Invocations
 + Level 6.1 Evocations


You had 22 spell levels left.
You didn't know any spells.
Your spell library contained the following spells:

 Spells                   Type           Power      Damage    Failure   Level
 Magic Dart               Conj           72%        1d6       16%         1
 Call Imp                 Summ           18%        N/A       24%         2
 Static Discharge         Conj/Air       18%        N/A       24%         2
 Mephitic Cloud           Conj/Pois/Air  18%        N/A       43%         3
 Stone Arrow              Conj/Erth      36%        3d9       43%         3
 Animate Armour           Summ/Erth      36%        N/A       85%         4
 Dispel Undead            Necr           18%        3d11      85%         4
 Sticky Flame             Conj/Fire      18%        2d4       85%         4
 Lehudib's Crystal Spear  Conj/Erth      9%         10d4      100%        8


Dungeon Overview and Level Annotations

Branches:
Dungeon (11/15)            Temple (0/1) D:7            Lair (0/6) D:10
    Orc (0/2) D:9         Gauntlet (1/1)

Altars:
Cheibriados
Fedhas
Hepliaklqana
Makhleb
Okawaru
Qazlal
Uskayaw
Zin
The Shining One
Beogh
Jiyva

Shops:
D:1 :   D:7 **

Annotations:
D:4 2 transporters, mavignon's ghost, amateur OgWz Gauntlet 5 transporters


Innate Abilities, Weirdness & Mutations

You have very sharp teeth.
Your uncanny sense of smell can sniff out nearby items.
Your experience applies equally to all skills.
You have large cloven feet.
You are frail. (-10% HP)
You are occasionally teleported next to monsters.
Armour fits poorly on your pseudopods.
You are covered in slimy tendrils that may disarm your opponents.
You sometimes lose the ability to read scrolls when taking damage.


Message History

You hold your ground!
The dire elephant misses you. The elephant misses you.
You block the elephant's attack.
Unknown command.
You feel much better. You block the dire elephant's attack.
The dire elephant barely misses you.
Unknown command.
Unknown command.
You hit the dire elephant but do no damage.
You kick the dire elephant, but do no damage.
The dire elephant is severely wounded.
The dire elephant misses you. The dire elephant closely misses you.
The elephant closely misses you. The elephant completely misses you.
You hit the dire elephant. You kick the dire elephant.
The dire elephant is severely wounded.
You hit the dire elephant but do no damage.
You kick the dire elephant, but do no damage.
The dire elephant is severely wounded.
You block the dire elephant's attack. The dire elephant barely misses you.
The elephant tramples you but does no damage.
The elephant barely misses you.
You feel very mighty all of a sudden. The dire elephant tramples you!
* * * LOW HITPOINT WARNING * * *
You hold your ground!
The dire elephant trunk-slaps you.
* * * LOW HITPOINT WARNING * * *
The elephant closely misses you. x2
Unknown command.
You hit the dire elephant.
Lightning courses through the dire elephant!
The dire elephant is almost dead.
The dire elephant misses you. x2; The elephant closely misses you.
The elephant trunk-slaps you.
* * * LOW HITPOINT WARNING * * *
Unknown command.
Unknown command.
You barely miss the dire elephant.
You kick the dire elephant, but do no damage.
The dire elephant is almost dead.
The dire elephant tramples you!
You die...

8#.......©............
#..###########...####
#..#....#....#...#B..
###..#...#.#...#.∩.#Z.^
8#..#..#P©.#..#...#...
#..#.#..#.P#.#...#.#.
#..##Y.#P#..##...#.##
###..#YY#P..#..#...#.#.
#8#..#@#P.#..#.#...#...
###..##P.#.#..##...#.^^
#.J#?.#.©.#[[#...#.."
#..###########...####
8#.....#.©.#....≈.....
###...8.#...#...≈8≈....
#.....#.©.#....≈.....
#..###########...####
..^.....t#...#yy#


You could see a dire elephant, 2 elephants and a neutral jelly (wandering)
(fellow slime).

Vanquished Creatures
  Erolcha (D:9)
  2 two-headed ogres
  Pikel (D:4)
  An elephant (Gauntlet)
  A troll (D:10)
  5 yaks
  A wyvern (D:7)
  Menkaure (D:7)
  An acid dragon (D:7)
  A water moccasin (D:4)
  3 sky beasts
  4 ice beasts
  12 orc warriors
  A necrophage (D:6)
  5 ogres
  2 centaurs
  A phantom (D:5)
  2 lemures (D:4)
  2 kobold brigands
  2 scorpions
  2 killer bees (D:10)
  2 centaur zombies
  A hound (D:6)
  A gnoll shaman (D:4)
  5 orc priests
  A centaur skeleton (D:5)
  A bullfrog skeleton (D:7)
  3 iguanas
  7 orc wizards
  2 scorpion zombies (D:5)
  Robin (D:3)
  6 adders
  5 gnolls
  A white imp (D:5)
  2 adder skeletons
  3 worms (D:2)
  4 dart slugs
  50 orcs
  7 endoplasms
  2 giant cockroaches (D:1)
  18 goblins
  2 hobgoblins
  15 kobolds
  A quokka (D:2)
  7 ball pythons
  7 bats
  4 frilled lizards
  2 rats
211 creatures vanquished.

Vanquished Creatures (collateral kills)
  A two-headed ogre (D:11)
1 creature vanquished.

Vanquished Creatures (others)
  A water moccasin (D:7)
  A black bear (D:5)
  An ice beast (D:6)
  An ogre (D:9)
  2 centaurs
  A lemure (D:4)
  A kobold brigand (D:10)
  A bullfrog (D:8)
  A scorpion (D:5)
  A killer bee (D:10)
  46 jellies
  A centaur zombie (D:10)
  An orc priest (D:10)
  A bullfrog skeleton (D:5)
  2 orc wizards
  An iguana (D:6)
  2 gnolls (D:5)
  An adder (D:4)
  An ufetubus (D:5)
  20 orcs
  An endoplasm (D:4)
  A giant cockroach (D:4)
  A hobgoblin (D:4)
  7 kobolds
  A goblin (D:4)
  4 fungi
  8 plants
110 creatures vanquished.

Grand Total: 322 creatures vanquished

Notes
Turn   | Place    | Note
-------+----------+-------------------------------------------
     0 | D:1      | MisterFreud the Gnoll Fighter began the quest for the Orb.
     0 | D:1      | Reached XP level 1. HP: 23/23 MP: 1/1
   134 | D:1      | Reached XP level 2. HP: 29/29 MP: 2/2
   554 | D:1      | Found Jaxooxzi's Book Shop.
   617 | D:1      | Reached XP level 3. HP: 32/35 MP: 3/3
  1236 | D:2      | Reached skill level 1 in Invocations
  1356 | D:2      | Reached skill level 1 in Long Blades
  1356 | D:2      | Reached skill level 1 in Axes
  1356 | D:2      | Reached skill level 1 in Maces & Flails
  1356 | D:2      | Reached skill level 1 in Polearms
  1356 | D:2      | Reached skill level 1 in Staves
  1356 | D:2      | Reached skill level 1 in Slings
  1356 | D:2      | Reached skill level 1 in Bows
  1356 | D:2      | Reached skill level 1 in Crossbows
  1356 | D:2      | Reached skill level 1 in Throwing
  1356 | D:2      | Reached skill level 1 in Dodging
  1356 | D:2      | Reached skill level 1 in Stealth
  1356 | D:2      | Reached skill level 1 in Unarmed Combat
  1356 | D:2      | Reached skill level 1 in Spellcasting
  1356 | D:2      | Reached skill level 1 in Evocations
  1511 | D:2      | Reached XP level 4. HP: 41/41 MP: 5/5
  2154 | D:3      | Noticed Robin
  2185 | D:3      | Killed Robin
  2186 | D:3      | Reached skill level 1 in Conjurations
  2186 | D:3      | Reached skill level 1 in Hexes
  2186 | D:3      | Reached skill level 1 in Summonings
  2186 | D:3      | Reached skill level 1 in Necromancy
  2186 | D:3      | Reached skill level 1 in Translocations
  2186 | D:3      | Reached skill level 1 in Transmutations
  2186 | D:3      | Reached skill level 1 in Fire Magic
  2186 | D:3      | Reached skill level 1 in Ice Magic
  2186 | D:3      | Reached skill level 1 in Air Magic
  2186 | D:3      | Reached skill level 1 in Earth Magic
  2186 | D:3      | Reached skill level 1 in Poison Magic
  2624 | D:3      | Reached XP level 5. HP: 47/47 MP: 6/6
  2661 | D:3      | Found a faded altar of an unknown god.
  2668 | D:3      | Became a worshipper of Jiyva Jisomes the Shapeless
  2668 | D:3      | Reached * piety under Jiyva
  2819 | D:4      | Found a transporter.
  2819 | D:4      | Noticed mavignon's ghost (amateur OgWz)
  2820 | D:4      | Found a transporter.
  2902 | D:4      | Killed a lemure
  2909 | D:4      | Reached ** piety under Jiyva
  3603 | D:4      | Noticed a lemure
  3631 | D:4      | Killed a lemure
  3639 | D:4      | Noticed a lemure
  3654 | D:5      | Entered Level 5 of the Dungeon
  3787 | D:4      | Killed a lemure
  3788 | D:4      | Noticed Pikel
  3790 | D:4      | Noticed a lemure
  3817 | D:4      | Killed Pikel
  3818 | D:4      | Reached skill level 5 in Short Blades
  3818 | D:4      | Reached XP level 6. HP: 19/55 MP: 7/9
  3818 | D:4      | Reached XP level 7. HP: 21/60 MP: 7/10
  4282 | D:4      | Gained mutation: You sometimes lose the ability to read
                  | scrolls when taking damage. [potion of mutation]
  4282 | D:4      | Gained mutation: You have a pair of small horns on your
                  | head. [potion of mutation]
  4282 | D:4      | Gained mutation: You are occasionally teleported next to
                  | monsters. [potion of mutation]
  4283 | D:4      | HP: 2/60 [poisoned by a water moccasin]
  4549 | D:5      | Reached XP level 8. HP: 17/67 MP: 12/12
  4892 | D:5      | HP: 2/67 [ogre (16)]
  5290 | D:4      | Lost mutation: You have a pair of small horns on your head.
                  | [potion of mutation]
  5378 | D:6      | Found a hide-covered altar of Uskayaw.
  5379 | D:6      | Found a hazy altar of Hepliaklqana.
  5953 | D:5      | Reached *** piety under Jiyva
  5953 | D:5      | HP: 2/67 [ogre (9)]
  6096 | D:5      | Gained mutation: Your body sometimes deteriorates upon
                  | taking damage. [Jiyva's grace]
  6495 | D:5      | Reached XP level 9. HP: 50/73 MP: 14/14
  6941 | D:6      | Reached skill level 5 in Staves
  7114 | D:6      | Found a burning altar of Makhleb.
  7172 | D:6      | Gained mutation: You are covered in slimy tendrils that may
                  | disarm your opponents. [Jiyva's grace]
  7172 | D:6      | Reached **** piety under Jiyva
  7464 | D:6      | Found a stormy altar of Qazlal.
  7468 | D:6      | Found a glowing silver altar of Zin.
  7564 | D:7      | Found Cigroele's General Store.
  7566 | D:7      | Found Quarr's Specific Store.
  7573 | D:7      | Bought 2 potions of heal wounds for 130 gold pieces
  7873 | D:7      | Found a staircase to the Ecumenical Temple.
  8396 | D:7      | Noticed Menkaure
  8407 | D:7      | Killed Menkaure
  8408 | D:7      | Reached skill level 5 in Invocations
  8753 | D:8      | Noticed a two-headed ogre
  8870 | D:7      | Reached XP level 10. HP: 60/80 MP: 17/17
  8880 | D:7      | Reached skill level 5 in Long Blades
  8880 | D:7      | Reached skill level 5 in Axes
  8880 | D:7      | Reached skill level 5 in Maces & Flails
  8880 | D:7      | Reached skill level 5 in Polearms
  8880 | D:7      | Reached skill level 5 in Slings
  8880 | D:7      | Reached skill level 5 in Bows
  8880 | D:7      | Reached skill level 5 in Crossbows
  8880 | D:7      | Reached skill level 5 in Throwing
  8880 | D:7      | Reached skill level 5 in Dodging
  8880 | D:7      | Reached skill level 5 in Stealth
  8880 | D:7      | Reached skill level 5 in Unarmed Combat
  8880 | D:7      | Reached skill level 5 in Spellcasting
  8880 | D:7      | Reached skill level 5 in Evocations
  8989 | D:8      | Lost mutation: Your body sometimes deteriorates upon taking
                  | damage. [Jiyva's grace]
  9010 | D:8      | Found a blossoming altar of Fedhas.
  9013 | D:8      | Reached ***** piety under Jiyva
  9140 | D:8      | Killed a two-headed ogre
  9645 | D:9      | Noticed a two-headed ogre
  9672 | D:9      | Killed a two-headed ogre
  9890 | D:9      | Gained mutation: Armour fits poorly on your pseudopods.
                  | [Jiyva's grace]
 10110 | D:9      | Noticed Erolcha
 10124 | D:9      | Killed Erolcha
 10160 | D:9      | Gained mutation: You are frail. (-10% HP) [Jiyva's grace]
 10170 | D:9      | Reached ****** piety under Jiyva
 10198 | D:9      | Found a snail-covered altar of Cheibriados.
 10409 | D:9      | Found a staircase to the Orcish Mines.
 10470 | D:10     | Entered Level 10 of the Dungeon
 10488 | D:10     | Reached XP level 11. HP: 42/78 MP: 19/19
 10571 | D:10     | Found an iron altar of Okawaru.
 10653 | D:10     | Lost mutation: You sometimes lose the ability to read
                  | scrolls when taking damage. [Jiyva's grace]
 10923 | D:9      | Gained mutation: You have large cloven feet. [Jiyva's
                  | grace]
 11334 | D:10     | Reached skill level 5 in Conjurations
 11334 | D:10     | Reached skill level 5 in Hexes
 11334 | D:10     | Reached skill level 5 in Summonings
 11334 | D:10     | Reached skill level 5 in Necromancy
 11334 | D:10     | Reached skill level 5 in Translocations
 11334 | D:10     | Reached skill level 5 in Transmutations
 11334 | D:10     | Reached skill level 5 in Fire Magic
 11334 | D:10     | Reached skill level 5 in Ice Magic
 11334 | D:10     | Reached skill level 5 in Air Magic
 11334 | D:10     | Reached skill level 5 in Earth Magic
 11334 | D:10     | Reached skill level 5 in Poison Magic
 11415 | D:10     | Gained mutation: You sometimes lose the ability to read
                  | scrolls when taking damage. [Jiyva's grace]
 11489 | D:10     | Found a glowing golden altar of the Shining One.
 11546 | D:10     | Found a staircase to the Lair.
 11889 | D:11     | Noticed a two-headed ogre
 11899 | D:11     | Killed a two-headed ogre
 12138 | D:11     | Found a gate leading to a gauntlet.
 12150 | D:11     | Found an iron altar of Okawaru.
 12159 | Gauntlet | Entered a Gauntlet
 12159 | Gauntlet | Noticed a death scarab
 12159 | Gauntlet | Found a transporter.
 12159 | Gauntlet | Found a transporter.
 12159 | Gauntlet | Found a transporter.
 12162 | Gauntlet | Found a transporter.
 12163 | Gauntlet | Found a transporter.
 12166 | Gauntlet | Noticed a dire elephant
 12169 | Gauntlet | Noticed a ghost crab
 12178 | Gauntlet | Found a transporter.
 12275 | Gauntlet | Slain by a dire elephant

Illustrated notes

Levels and vault maps discovered:
D:1:      doesnt_arrival_eight_statues, layout_basic, serial_shops,
          nicolae_shop_behind_doors
D:2:      layout_loops_ring
D:3:      layout_rooms, dreamdust_ecumenical_altar_hidden_monk_grotto,
          serial_bayou_pond_e, uniq_robin
D:4:      layout_gridville, gammafunk_ghost_arena, uniq_pikel
D:5:      layout_basic, minmay_manual_mail
D:6:      layout_rooms, nicolae_overflow_hidden_temple, minmay_pentangle
D:7:      layout_gridville, minmay_temple_entry_tees, nicolae_specific_store,
          uniq_menkaure
D:8:      layout_basic, mainiacjoe_overflow_small_starburst
D:9:      layout_roguey [special_room_orc], lemuel_crystal_altar, david_orc_5,
          nrook_mini_vaults, hangedman_abyss_or_decor_slice, uniq_erolcha
D:10:     layout_long_grid, general_overflow_altar,
          mainiacjoe_overflow_alcove_1, lair_entry_dummy,
          serial_co_window_serial, co_window_paths_a,
          co_window_of_opportunity_a, co_window_paths_a, co_window_paths_a,
          co_window_paths_a, co_window_paths_b, co_window_corner_a,
          co_window_broadway_b, co_window_2corner, co_window_corner_ca,
          co_window_corner_ca, co_window_paths_d
D:11:     layout_grid_maze, gauntlet_entry_generic, serial_shops, shop,
          nicolae_shop_temple_entry_statues_fountains, nicolae_shop_trees,
          nicolae_shop_trees, shop, okawaru_humans
Gauntlet: gammafunk_gauntlet_shortcut [gammafunk_gauntlet_arena_arrow_garden,
          gammafunk_gauntlet_arena_grid, nicolae_gauntlet_arena_t_cross,
          nicolae_gauntlet_arena_x, gammafunk_gauntlet_arena_chambers,
          gammafunk_gauntlet_arena_mazey, gauntlet_exit_watery]

Skill      XL: |  1  2  3  4  5  6  7  8  9 10 11 |
---------------+----------------------------------+-----
Invocations    | 1 2 3 4 5 6 |  6.7
Long Blades    | 1 2 3 4 5 6 |  6.1
Axes           | 1 2 3 4 5 6 |  6.1
Maces & Flails | 1 2 3 4 5 6 |  6.1
Polearms       | 1 2 3 4 5 6 |  6.1
Staves         | 1 2 3 4 6 7 8 |  8.3
Slings         | 1 2 3 4 5 6 |  6.1
Bows           | 1 2 3 4 5 6 |  6.1
Crossbows      | 1 2 3 4 5 6 |  6.1
Throwing       | 1 2 3 4 5 6 |  6.1
Dodging        | 1 2 3 4 5 6 |  6.1
Stealth        | 1 2 3 4 5 6 |  6.1
Unarmed Combat | 1 2 3 4 5 6 |  6.1
Spellcasting   | 1 2 3 4 5 6 |  6.1
Evocations     | 1 2 3 4 5 6 |  6.1
Conjurations   | 1 2 3 4 5 |  5.1
Hexes          | 1 2 3 4 5 |  5.1
Summonings     | 1 2 3 4 5 |  5.1
Necromancy     | 1 2 3 4 5 |  5.1
Translocations | 1 2 3 4 5 |  5.1
Transmutations | 1 2 3 4 5 |  5.1
Fire Magic     | 1 2 3 4 5 |  5.1
Ice Magic      | 1 2 3 4 5 |  5.1
Air Magic      | 1 2 3 4 5 |  5.1
Earth Magic    | 1 2 3 4 5 |  5.1
Poison Magic   | 1 2 3 4 5 |  5.1
Fighting       | 7 8 9 |  9.1
Short Blades   | 5 6 7 |  7.7
Armour         | 7 8 9 |  9.1
Shields        | 7 8 9 |  9.1

Action                   |  1- 3 |  4- 6 |  7- 9 | 10-12 || total
-------------------------+-------+-------+-------+-------++-------
Melee: Rapier            |    99 |   160 |   240 |       ||   499
       Bite              |     5 |    19 |    36 |    22 ||    82
       Headbutt          |       |       |     3 |       ||     3
       Short sword       |       |       |   206 |   311 ||   517
       Pseudopods        |       |       |       |    36 ||    36
       Kick              |       |       |       |    24 ||    24
Throw: Boomerang         |       |     6 |    16 |       ||    22
       Dart              |       |       |       |     9 ||     9
Evoke: Wand              |       |       |       |     4 ||     4
  Use: Potion            |       |     1 |     7 |     4 ||    12
       Scroll            |       |       |    10 |     1 ||    11
 Stab: Distracted        |       |       |       |     2 ||     2
       Invisible         |       |       |       |     1 ||     1
Armor: Scale mail        |    39 |    54 |   148 |    75 ||   316
       Skin              |       |       |    39 |       ||    39
Dodge: Dodged            |    39 |    57 |   160 |   137 ||   393
Block: Kite shield       |    55 |    70 |   215 |   150 ||   490
